[Event "Titled Tuesday Blitz January 31 Late 2023"]
[White "Przybylski, Wojciech"]
[Black "Antonio, Jorge Carlos"]
[WhiteFideId "1117599"]
[BlackFideId "113190"]
[WhiteElo "2321"]
[BlackElo "2277"]
[Result "1-0"]
[Round "08"]
[TimeControl "180+2"]
[Date "2023.01.31"]
[WhiteClock "0:01:39"]
[BlackClock "0:01:19"]

1. e4 c5 2. Nf3 e6 3. d4 cxd4 4. Nxd4 Nc6 5. Nc3 a6 6. g4 Bb4 7. Bg2 Nf6 8. O-O Bxc3 9. bxc3 h6 10. f4 e5 11. Nf5 O-O 12. g5 hxg5 13. fxg5 Ne8 14. g6 fxg6 15. Nh6+ gxh6 16. Qd5+ Kg7 17. Rxf8 Kxf8 18. Bxh6+ Ke7 19. Qg8 Nf6 20. Qg7+ Kd6 21. Rd1+ Kc7 22. Bg5 Ne8 23. Bxd8+ Nxd8 24. Qxe5+ 1-0


[Site "https://www.chess.com"]

[Event "Titled Tuesday Blitz January 31 Late 2023"]
[White "Travadon, Loic"]
[Black "Sohier, Julien"]
[WhiteFideId "26092131"]
[BlackFideId "645346"]
[WhiteElo "2461"]
[BlackElo "2214"]
[Result "0-1"]
[Round "08"]
[TimeControl "180+2"]
[Date "2023.01.31"]
[WhiteClock "0:00:47"]
[BlackClock "0:00:53"]

1. e4 e5 2. Nf3 Nc6 3. Bb5 Nf6 4. d3 Bc5 5. h3 O-O 6. Bg5 h6 7. Bd2 d5 8. Nc3 dxe4 9. dxe4 Nd4 10. Bd3 Re8 11. O-O c6 12. Rb1 a5 13. a4 Qc7 14. Qe1 Nxf3+ 15. gxf3 Bxh3 16. Kh2 Bxf1 17. Qxf1 Re6 18. Qh3 Kf8 19. Rg1 Ng8 20. Rg2 Bd4 21. Ne2 Bxb2 22. Ng3 g6 23. Bxh6+ Nxh6 24. Qxh6+ Ke7 25. Bc4 Rf6 26. Ne2 Qd8 27. Kg1 Qd1+ 28. Kh2 Qxc2 0-1


[Site "https://www.chess.com"]

[Event "Titled Tuesday Blitz January 31 Late 2023"]
[White "Deviprasath, Sharvesh"]
[Black "Slater-Jones, Henry"]
[WhiteFideId "30938228"]
[BlackFideId "3222101"]
[WhiteElo "2296"]
[BlackElo "1826"]
[Result "1-0"]
[Round "08"]
[TimeControl "180+2"]
[Date "2023.01.31"]
[WhiteClock "0:00:04"]
[BlackClock "0:00:21"]

1. e4 c5 2. Nf3 d6 3. d4 cxd4 4. Nxd4 Nf6 5. Nc3 a6 6. Bd3 e6 7. g4 Nc6 8. Nxc6 bxc6 9. g5 Nd7 10. f4 Bb7 11. f5 Ne5 12. fxe6 fxe6 13. O-O Be7 14. Qh5+ g6 15. Qh6 Bf8 16. Qh3 Kd7 17. Rf6 Qe7 18. Bf4 Nxd3 19. cxd3 Bg7 20. e5 Bxf6 21. gxf6 Qf7 22. Ne4 g5 23. Nxd6 Qg6 24. Be3 Rab8 25. Bc5 Ba8 26. Qg4 Rxb2 27. Qd4 Kc7 28. Qxb2 Rb8 29. Qd4 g4 30. Nc4 g3 31. Qd6+ Kb7 32. Qd7# 1-0


[Site "https://www.chess.com"]

[Event "Titled Tuesday Blitz January 31 Late 2023"]
[White "Danielyan, Vahe"]
[Black "Curtis, John"]
[WhiteFideId "13304828"]
[BlackFideId "3200256"]
[WhiteElo "2346"]
[BlackElo "2292"]
[Result "1-0"]
[Round "08"]
[TimeControl "180+2"]
[Date "2023.01.31"]
[WhiteClock "0:01:04"]
[BlackClock "0:00:03"]

1. e4 e5 2. Nf3 Nc6 3. Bb5 a6 4. Ba4 Nf6 5. O-O b5 6. Bb3 Be7 7. Re1 O-O 8. d4 d6 9. c3 Bg4 10. Be3 Na5 11. Bc2 Nc4 12. Bc1 c5 13. d5 Ne8 14. h3 Bxf3 15. Qxf3 Bg5 16. b3 Bxc1 17. Rxc1 Nb6 18. Nd2 g6 19. Nf1 Ng7 20. Ne3 Rc8 21. a4 Qd7 22. axb5 axb5 23. Ra6 Rb8 24. Rca1 Rb7 25. Ng4 f5 26. exf5 gxf5 27. Nh6+ Kh8 28. g4 Qe7 29. Nxf5 Nxf5 30. Bxf5 Qg7 31. Qe4 c4 32. b4 Na4 33. Qf3 e4 34. Qxe4 Nxc3 35. Qe6 Rbf7 36. Ra8 Rxa8 37. Rxa8+ Rf8 38. Rxf8+ Qxf8 39. Kg2 Kg7 40. f4 Na2 41. Qe2 Nc3 42. Qd2 Qf6 43. g5 Qxf5 44. Qxc3+ Kg6 45. Kg3 Qxd5 46. Qf6+ Kh5 47. Qh6# 1-0


[Site "https://www.chess.com"]

[Event "Titled Tuesday Blitz January 31 Late 2023"]
[White "Aung Thant Zin"]
[Black "Shubenkova, Veronika"]
[WhiteFideId "13000063"]
[BlackFideId "44124040"]
[WhiteElo "2268"]
[BlackElo "1960"]
[Result "0-1"]
[Round "08"]
[TimeControl "180+2"]
[Date "2023.01.31"]
[WhiteClock "0:00:03"]
[BlackClock "0:01:49"]

1. e4 c6 2. d4 d5 3. Nc3 dxe4 4. Nxe4 Bf5 5. Ng3 Bg6 6. h4 h6 7. Nf3 Nd7 8. Bd3 Bxd3 9. Qxd3 Ngf6 10. Bd2 e6 11. O-O-O Be7 12. Kb1 Qc7 13. Ne4 Nxe4 14. Qxe4 Nf6 15. Qe2 O-O-O 16. c4 c5 17. Bc3 cxd4 18. Nxd4 a6 19. g3 Bc5 20. Nf3 Rxd1+ 21. Rxd1 Rd8 22. Rxd8+ Qxd8 23. a3 Qb6 24. Ka2 Bxf2 25. Ne5 Bd4 26. Bxd4 Qxd4 27. Nxf7 Qd7 28. Ne5 Qc7 29. g4 Ne8 30. b3 Nd6 31. Nd3 Qf7 32. Nc5 e5 33. a4 Qf4 34. Ne6 Qg3 35. Nxg7 e4 36. Nf5 Nxf5 37. gxf5 e3 38. Qd3 Qf2+ 39. Ka3 e2 0-1


[Site "https://www.chess.com"]

[Event "Titled Tuesday Blitz January 31 Late 2023"]
[White "Smith, Garrett L"]
[Black "Machidon, Cristi"]
[WhiteFideId "2024829"]
[BlackFideId "13904590"]
[WhiteElo "2047"]
[BlackElo "2301"]
[Result "0-1"]
[Round "08"]
[TimeControl "180+2"]
[Date "2023.01.31"]
[WhiteClock "0:00:41"]
[BlackClock "0:01:32"]

1. e4 c5 2. a3 g6 3. b4 Bg7 4. Nc3 d6 5. Nf3 Nc6 6. b5 Nd4 7. Bc4 e6 8. O-O Ne7 9. Re1 O-O 10. Rb1 b6 11. Nxd4 cxd4 12. Ne2 Bb7 13. d3 d5 14. exd5 Nxd5 15. Bb2 e5 16. c3 Qg5 17. Bxd5 Bxd5 18. Ng3 dxc3 19. Bxc3 h5 20. Qd2 Qxd2 21. Bxd2 Rad8 22. Bc3 Rfe8 23. Ne4 Be6 24. Ng5 Bf5 25. Rbd1 Rxd3 26. Bb4 Red8 27. Rc1 Bh6 28. h4 f6 29. Rc7 fxg5 30. Be7 Rd1 0-1


[Site "https://www.chess.com"]

[Event "Titled Tuesday Blitz January 31 Late 2023"]
[White "Aarav Dengla"]
[Black "Szyszylo, Rafal"]
[WhiteFideId "45059756"]
[BlackFideId "1109626"]
[WhiteElo "2343"]
[BlackElo "2091"]
[Result "1-0"]
[Round "08"]
[TimeControl "180+2"]
[Date "2023.01.31"]
[WhiteClock "0:00:25"]
[BlackClock "0:00:02"]

1. e4 g6 2. d4 d6 3. Nf3 Nf6 4. Nc3 Bg7 5. Bc4 O-O 6. O-O Bg4 7. h3 Bxf3 8. Qxf3 Nc6 9. Be3 e5 10. d5 Ne7 11. Qe2 Ne8 12. Qd2 f5 13. Bh6 Nf6 14. Bxg7 Kxg7 15. f4 Nd7 16. Rae1 exf4 17. Qd4+ Ne5 18. Ne2 g5 19. h4 h6 20. g3 fxg3 21. hxg5 hxg5 22. exf5 Nxf5 23. Qc3 Qd7 24. Nxg3 Nxg3 25. Qxg3 Rxf1+ 26. Kxf1 Rf8+ 27. Kg2 Qf5 28. Bd3 Qf3+ 29. Qxf3 Rxf3 30. Rxe5 Rxd3 31. Re7+ Kf8 32. Rxc7 Rxd5 33. Kf3 Rb5 34. b3 a5 35. Kg4 Rc5 36. Rxb7 Rxc2 37. a4 Rc6 38. Kxg5 d5 39. Kf5 d4 40. Ke4 Rd6 41. Kd3 Rd5 42. Rb5 1-0


[Site "https://www.chess.com"]

[Event "Titled Tuesday Blitz January 31 Late 2023"]
[White "Kaplan, Avi Harrison"]
[Black "Gerbelli Neto, Eduardo"]
[WhiteFideId "30934559"]
[BlackFideId "2103281"]
[WhiteElo "2146"]
[BlackElo "2114"]
[Result "1/2-1/2"]
[Round "08"]
[TimeControl "180+2"]
[Date "2023.01.31"]
[WhiteClock "0:00:43"]
[BlackClock "0:00:15"]

1. d4 d5 2. Nf3 Nf6 3. g3 b5 4. Bg2 e6 5. O-O Bb7 6. Re1 c5 7. Ne5 Nbd7 8. b3 Nxe5 9. dxe5 Nd7 10. Bb2 Qb6 11. e4 d4 12. c3 Rd8 13. cxd4 cxd4 14. Nd2 Nxe5 15. Nf3 Nxf3+ 16. Bxf3 e5 17. Rc1 Bb4 18. Re2 d3 19. Re3 d2 20. Rc2 O-O 21. a3 Bc5 22. Re2 Rd3 23. Rexd2 Bxf2+ 24. Kg2 Rxd2 25. Rxd2 Be3 26. Rd6 Qc5 27. b4 Qc4 28. Rd8 Bd4 29. Rxf8+ Kxf8 30. Qd2 f6 31. Kh3 Bc8+ 32. Kg2 Bb7 33. Kh3 Qe6+ 34. Kg2 Qc4 1/2-1/2


[Site "https://www.chess.com"]

[Event "Titled Tuesday Blitz January 31 Late 2023"]
[White "Kaufman, Lawrence"]
[Black "Ansh M Shah"]
[WhiteFideId "2000555"]
[BlackFideId "25033379"]
[WhiteElo "2188"]
[BlackElo "2171"]
[Result "0-1"]
[Round "08"]
[TimeControl "180+2"]
[Date "2023.01.31"]
[WhiteClock "0:00:04"]
[BlackClock "0:00:21"]

1. e4 c6 2. Nc3 d5 3. Nf3 dxe4 4. Nxe4 Nf6 5. Qe2 Nxe4 6. Qxe4 Nd7 7. d4 Nf6 8. Qd3 g6 9. g3 Bg7 10. Bg2 O-O 11. O-O Bf5 12. Qb3 Qb6 13. c3 Be4 14. Ne5 Bxg2 15. Kxg2 Rad8 16. Nc4 Qc7 17. Bf4 Qd7 18. Ne5 Qd5+ 19. Qxd5 Nxd5 20. Kf3 Bxe5 21. Bxe5 f6 22. Bf4 Nxf4 23. Kxf4 e5+ 24. dxe5 fxe5+ 25. Ke3 Rd5 26. Rad1 Rfd8 27. Rxd5 Rxd5 28. Re1 Kf7 29. Re2 Ke6 30. Rd2 Kf5 31. Rxd5 cxd5 32. f3 h5 33. b3 g5 34. Kd3 b5 35. Ke3 g4 36. Ke2 gxf3+ 37. Kxf3 e4+ 38. Ke3 Kg4 39. c4 bxc4 40. bxc4 dxc4 41. Kxe4 Kh3 42. Kd4 Kxh2 43. Kxc4 Kxg3 44. Kb5 h4 45. Ka6 h3 46. a4 h2 47. Kxa7 h1=Q 48. a5 Qh7+ 49. Kb8 Qg8+ 50. Kb7 Qd5+ 51. Kb6 Qa8 52. a6 Kf4 53. Kb5 Ke5 0-1


[Site "https://www.chess.com"]

[Event "Titled Tuesday Blitz January 31 Late 2023"]
[White "Gonzalez, Francisco Silva"]
[Black "Richterova, Natasa"]
[WhiteFideId "1512285"]
[BlackFideId "350591"]
[WhiteElo "2021"]
[BlackElo "2191"]
[Result "1-0"]
[Round "08"]
[TimeControl "180+2"]
[Date "2023.01.31"]
[WhiteClock "0:01:29"]
[BlackClock "0:00:14"]

1. d4 Nf6 2. c4 e5 3. dxe5 Ng4 4. e3 Nxe5 5. Nh3 Bb4+ 6. Bd2 Bxd2+ 7. Qxd2 O-O 8. Nf4 d6 9. Be2 Bf5 10. Nc3 Nbc6 11. e4 Be6 12. b3 Qg5 13. h4 Qh6 14. Rd1 Ng6 15. Nxe6 Qxd2+ 16. Rxd2 fxe6 17. g3 e5 18. Nd5 Rf7 19. Bg4 Nf8 20. O-O Nd4 21. f4 c6 22. Ne3 g6 23. f5 Rd8 24. Rdf2 gxf5 25. Nxf5 Nxf5 26. Bxf5 Kg7 27. h5 a5 28. g4 a4 29. g5 axb3 30. h6+ Kh8 31. axb3 b6 32. Kg2 d5 33. exd5 cxd5 34. cxd5 Rd6 35. Be6 Rxf2+ 36. Rxf2 Nxe6 37. dxe6 Kg8 38. e7 1-0


[Site "https://www.chess.com"]

[Event "Titled Tuesday Blitz January 31 Late 2023"]
[White "Mazurkiewicz, Michal"]
[Black "Tinmaz, Kerem"]
[WhiteFideId "1124943"]
[BlackFideId "44559151"]
[WhiteElo "2145"]
[BlackElo "2177"]
[Result "0-1"]
[Round "08"]
[TimeControl "180+2"]
[Date "2023.01.31"]
[WhiteClock "0:00:01"]
[BlackClock "0:00:02"]

1. e4 c6 2. d3 d5 3. Nd2 g6 4. Ngf3 Bg7 5. g3 Bg4 6. Bg2 e6 7. h3 Bxf3 8. Qxf3 Nd7 9. O-O Ne7 10. Qe2 O-O 11. f4 Qb6+ 12. Kh2 a5 13. e5 a4 14. Nf3 c5 15. c3 a3 16. b3 Qa5 17. Bd2 b5 18. d4 Qb6 19. Be3 b4 20. dxc5 Nxc5 21. Rac1 Rac8 22. Qf2 Qb5 23. c4 dxc4 24. Rxc4 Nd3 25. Qc2 Nb2 26. Rc5 Rxc5 27. Qxc5 Qxc5 28. Bxc5 Re8 29. Nd4 Nd5 30. Bxd5 exd5 31. Bxb4 f6 32. Nc6 fxe5 33. Nxe5 Bxe5 34. fxe5 Rxe5 35. Rf8+ Kg7 36. Bc3 Kxf8 37. Bxe5 Ke7 38. Kg2 Ke6 39. Bg7 Nd3 40. Bf8 Nc1 41. Bxa3 Nxa2 42. Kf3 Ke5 43. Bb2+ d4 44. Ke2 Ke4 45. Ba3 Nc3+ 46. Kd2 Nd5 47. b4 Ne3 48. Bc1 Nf1+ 49. Kc2 Nxg3 50. b5 Kd5 51. Kd3 Nf5 52. Ba3 h5 53. Bf8 g5 54. b6 Kc6 55. Bg7 Nxg7 56. Kxd4 Kxb6 57. Ke5 Kc7 58. Kf6 g4 59. Kg6 g3 0-1


[Site "https://www.chess.com"]

[Event "Titled Tuesday Blitz January 31 Late 2023"]
[White "Gomes, Luiz Alexandre de Souza"]
[Black "TheKnightOfBosnia"]
[WhiteFideId "2102790"]
[WhiteElo "2254"]
[BlackElo "2502"]
[Result "1/2-1/2"]
[Round "08"]
[TimeControl "180+2"]
[Date "2023.01.31"]
[WhiteClock "0:01:37"]
[BlackClock "0:00:49"]

1. e4 e5 2. Nf3 Nc6 3. Bb5 a6 4. Ba4 Nf6 5. O-O b5 6. Bb3 Bb7 7. d3 Be7 8. c3 O-O 9. Nbd2 d6 10. Re1 Na5 11. Bc2 c5 12. Nf1 Re8 13. Ng3 h6 14. h3 Nc6 15. Nf5 Bf8 16. Nh2 a5 17. Qf3 a4 18. Be3 b4 19. Ng4 Nxg4 20. Qxg4 Kh7 21. d4 Qf6 22. dxc5 dxc5 23. Rad1 a3 24. bxa3 Rxa3 25. cxb4 Nxb4 26. Bb3 Nxa2 27. Bc4 Nc3 28. Rd7 Bxe4 29. Rxf7 Bxf5 30. Qxf5+ Qxf5 31. Rxf5 Bd6 32. Rf7 Re7 33. Rf3 Na4 34. Rd1 Nb2 35. Rxd6 Nxc4 36. Rc6 Nxe3 37. Rxe3 Ra1+ 38. Kh2 Rc1 39. Re4 Kg8 40. f4 Kf7 41. fxe5 c4 42. Rf4+ Kg8 43. Rcxc4 Rxc4 44. Rxc4 Rxe5 45. Rc6 Kf7 1/2-1/2


[Site "https://www.chess.com"]

[Event "Titled Tuesday Blitz January 31 Late 2023"]
[White "Fiorito, Francisco"]
[Black "Nunez V, Gustavo Eduardo"]
[WhiteFideId "180165"]
[BlackFideId "4403690"]
[WhiteElo "2305"]
[BlackElo "2212"]
[Result "0-1"]
[Round "08"]
[TimeControl "180+2"]
[Date "2023.01.31"]
[WhiteClock "0:00:03"]
[BlackClock "0:00:07"]

1. e4 c5 2. Nf3 Nc6 3. Bb5 g6 4. O-O Bg7 5. c3 e5 6. d4 exd4 7. cxd4 Nxd4 8. Nxd4 Bxd4 9. Nc3 a6 10. Bc4 d6 11. Nd5 Be6 12. Kh1 b5 13. Be2 Ne7 14. Bg5 Bxd5 15. exd5 O-O 16. Bg4 f6 17. Be6+ Kg7 18. Bf4 Be5 19. Bd2 h5 20. f4 Bxb2 21. Rb1 Bd4 22. f5 g5 23. Qxh5 Rh8 24. Qg4 Rh4 25. Qf3 Qh8 26. h3 Qh5 27. Qd3 Rh8 28. Rf3 g4 29. Rf4 gxh3 30. Qg3+ Kf8 31. Rxh4 Qxh4 32. Qxh4 hxg2+ 33. Kxg2 Rxh4 34. Be1 Rf4 35. Bg3 Rxf5 36. Bxd6 Rg5+ 37. Kf3 c4 38. Rh1 Be5 39. Bb4 c3 40. d6 Nc6 41. d7+ Kg7 42. Bd5 Nd8 43. Ba5 Bc7 44. Bxc7 Rxd5 45. Bxd8 Rxd7 46. Ba5 c2 47. Rc1 Rd3+ 48. Ke2 Ra3 49. Bb4 Rxa2 50. Kd3 a5 51. Bc5 b4 52. Kc4 Rb2 53. Bd4 Ra2 54. Kb3 Ra3+ 55. Kxc2 Rf3 56. Kd2 a4 57. Rc4 Rb3 58. Kc2 Kg6 59. Rc6 Kf5 60. Bxf6 Rh3 61. Be7 b3+ 62. Kb2 Rh2+ 63. Ka3 Ra2+ 64. Kb4 b2 65. Rc5+ Ke6 66. Rc6+ Kxe7 67. Rc7+ Kd8 68. Rc1 bxc1=Q 0-1


[Site "https://www.chess.com"]

[Event "Titled Tuesday Blitz January 31 Late 2023"]
[White "Todev, Simeon"]
[Black "Davidson, Kevin"]
[WhiteFideId "2925133"]
[BlackFideId "2056810"]
[WhiteElo "2033"]
[BlackElo "2154"]
[Result "1-0"]
[Round "08"]
[TimeControl "180+2"]
[Date "2023.01.31"]
[WhiteClock "0:00:02"]
[BlackClock "0:00:01"]

1. e4 c5 2. Nf3 d6 3. d4 cxd4 4. Nxd4 Nf6 5. Nc3 a6 6. Rg1 e5 7. Nb3 Be6 8. g4 h6 9. Be3 Be7 10. Be2 Nbd7 11. Qd2 b5 12. f3 b4 13. Nd5 Bxd5 14. exd5 Nb6 15. O-O-O Nfxd5 16. Bxb6 Nxb6 17. Qxb4 O-O 18. Qe4 Qc7 19. Bd3 f5 20. gxf5 d5 21. f6 dxe4 22. Rxg7+ Kh8 23. Bxe4 Rxf6 24. Rdg1 Bd6 25. Rxc7 Bxc7 26. Bxa8 Nxa8 27. Rd1 Rxf3 28. Rd7 Kg8 29. Nc5 Rf7 30. Rd1 a5 31. Ne6 Bb6 32. c4 Nc7 33. Nd8 Rf2 34. Nc6 Be3+ 35. Kb1 Bd4 36. Nxd4 exd4 37. Rxd4 Rxh2 38. Rd8+ Kf7 39. Rd7+ Ke6 40. Rxc7 h5 41. Rc6+ Ke5 42. Rh6 Kd4 43. Rd6+ Kc5 44. Rd5+ 1-0


[Site "https://www.chess.com"]

[Event "Titled Tuesday Blitz January 31 Late 2023"]
[White "Drnovsek, Gal"]
[Black "Mosquera, Miguel"]
[WhiteFideId "14607077"]
[BlackFideId "4401131"]
[WhiteElo "2397"]
[BlackElo "2371"]
[Result "1-0"]
[Round "08"]
[TimeControl "180+2"]
[Date "2023.01.31"]
[WhiteClock "0:01:47"]
[BlackClock "0:00:14"]

1. e4 c5 2. c3 Nf6 3. e5 Nd5 4. d4 e6 5. Nf3 Nc6 6. Bc4 Nb6 7. Bb3 c4 8. Bc2 d6 9. exd6 Bxd6 10. O-O Qc7 11. b3 Bd7 12. Nbd2 Ne7 13. Ne4 O-O-O 14. Nxd6+ Qxd6 15. a4 Kb8 16. Ba3 Qc7 17. Bxe7 Rde8 18. Bh4 f5 19. a5 Nd5 20. bxc4 Nxc3 21. Qd2 Qxc4 22. Bg3+ Ka8 23. Bd3 Qb3 24. a6 Ne4 25. axb7+ Qxb7 26. Bxe4 fxe4 27. Ne5 Bb5 28. Rfb1 a6 29. Qa5 Rb8 30. Nc4 Ka7 31. Bxb8+ Rxb8 32. Nd6 Qc6 33. Nxb5+ Rxb5 34. Qxb5 1-0


[Site "https://www.chess.com"]

[Event "Titled Tuesday Blitz January 31 Late 2023"]
[White "QuiesPrecatio"]
[Black "Itkis, Boris"]
[BlackFideId "1209167"]
[WhiteElo "2426"]
[BlackElo "2329"]
[Result "1-0"]
[Round "08"]
[TimeControl "180+2"]
[Date "2023.01.31"]
[WhiteClock "0:00:35"]
[BlackClock "0:00:03"]

1. Nf3 d5 2. g3 Nd7 3. Bg2 e5 4. d4 e4 5. Ne5 Bd6 6. Nxd7 Bxd7 7. c4 c6 8. Nc3 Nf6 9. Bg5 Be6 10. O-O O-O 11. f3 Be7 12. cxd5 Nxd5 13. Bxe7 Qxe7 14. Nxd5 Bxd5 15. f4 f5 16. e3 Rfd8 17. Rf2 Rac8 18. Rd2 Qc7 19. a3 Qb6 20. Bf1 Bf7 21. Rc1 Rd7 22. Rc5 g6 23. Qc2 Rcd8 24. Re5 Qb3 25. Qxb3 Bxb3 26. h3 Kf7 27. g4 Kf6 28. gxf5 gxf5 29. Rg2 Rg8 30. h4 Rxg2+ 31. Bxg2 Be6 32. Kh2 b6 33. b4 a6 34. a4 Ra7 35. a5 b5 36. Bh3 Rd7 37. Rc5 Bd5 38. Rc2 Rg7 39. Rg2 Rxg2+ 40. Kxg2 h5 41. Kg3 Bf7 42. Bf1 Bd5 43. Be2 Bf7 44. Kf2 Ke6 45. Ke1 Kd6 46. Kd2 Bg6 47. Kc3 Kd5 48. Bd1 Kd6 49. Bb3 Ke7 50. d5 Kd6 51. dxc6 Kxc6 52. Kd4 Kd6 53. Bd5 Be8 54. Bb7 1-0


[Site "https://www.chess.com"]

[Event "Titled Tuesday Blitz January 31 Late 2023"]
[White "Forgacs, Attila Jr."]
[Black "Zhou, Qiyu"]
[WhiteFideId "773654"]
[BlackFideId "505161"]
[WhiteElo "2264"]
[BlackElo "2201"]
[Result "1-0"]
[Round "08"]
[TimeControl "180+2"]
[Date "2023.01.31"]
[WhiteClock "0:00:23"]
[BlackClock "0:00:14"]

1. e4 e5 2. Nf3 Nc6 3. Bb5 a6 4. Ba4 Nf6 5. O-O b5 6. Bb3 Be7 7. d4 d6 8. dxe5 dxe5 9. Bd5 Bb7 10. Nc3 O-O 11. Bxc6 Bxc6 12. Nxe5 Bxe4 13. Nxe4 Nxe4 14. Nc6 Qd6 15. Nxe7+ Qxe7 16. Qe2 Rfe8 17. Re1 Qe6 18. Bf4 c5 19. f3 Nf6 20. Qxe6 fxe6 21. Rad1 Nd5 22. Be5 c4 23. Bd4 Rad8 24. c3 Kf7 25. Re5 Nf6 26. Rde1 Rd5 27. R5e2 e5 28. Rxe5 Rdxe5 29. Rxe5 Rxe5 30. Bxe5 Nd5 31. Kf2 g6 32. g3 Ke6 33. Bd4 b4 34. cxb4 Nxb4 35. a3 Nd3+ 36. Ke2 Kd5 37. Bc3 Nc1+ 38. Ke3 Nd3 39. f4 Nc5 40. g4 Ne4 41. f5 gxf5 42. gxf5 Ng5 43. f6 Nf7 44. Kf4 Ke6 45. Ke4 Ng5+ 46. Ke3 Nf7 47. a4 Nd6 48. a5 Nb7 49. Ke4 Nd6+ 50. Kd4 Kxf6 51. Kd5+ Ke7 52. Bb4 Kd7 1-0


[Site "https://www.chess.com"]

[Event "Titled Tuesday Blitz January 31 Late 2023"]
[White "Backsten, Jan"]
[Black "Chabris, Christopher"]
[WhiteFideId "1735381"]
[BlackFideId "2005263"]
[WhiteElo "2029"]
[BlackElo "2053"]
[Result "1-0"]
[Round "08"]
[TimeControl "180+2"]
[Date "2023.01.31"]
[WhiteClock "0:00:13"]
[BlackClock "0:00:05"]

1. e4 c5 2. Nf3 d6 3. d4 cxd4 4. Nxd4 Nf6 5. Nc3 a6 6. Bg5 e6 7. f4 h6 8. Bh4 Qb6 9. a3 Be7 10. Bf2 Qc7 11. Qf3 Nbd7 12. O-O-O b5 13. Bd3 Bb7 14. Rhe1 Nc5 15. g4 Qa5 16. h4 b4 17. axb4 Qxb4 18. g5 Nfd7 19. g6 fxg6 20. Qg4 Nf8 21. Nd5 Bxd5 22. exd5 O-O-O 23. Nc6 Qa4 24. Nxe7+ Kb7 25. Bxc5 dxc5 26. Nxg6 Qa1+ 27. Kd2 Qa5+ 28. c3 Rxd5 29. Nxh8 c4 30. Ke2 cxd3+ 31. Rxd3 Qb5 32. Qf3 Qxb2+ 33. Kf1 Qb5 34. Rd1 Nd7 35. Kg2 Qb2+ 36. R1d2 Qxd2+ 37. Rxd2 Nc5 38. Rxd5 1-0


[Site "https://www.chess.com"]

[Event "Titled Tuesday Blitz January 31 Late 2023"]
[White "ritanovikova"]
[Black "Sai Han Thiha"]
[BlackFideId "13012290"]
[WhiteElo "2217"]
[BlackElo "2070"]
[Result "0-1"]
[Round "08"]
[TimeControl "180+2"]
[Date "2023.01.31"]
[WhiteClock "0:01:41"]
[BlackClock "0:01:59"]

1. e4 c6 2. d4 d5 3. exd5 cxd5 4. Bd3 Nc6 5. Nf3 Nf6 6. h3 g6 7. O-O Bf5 8. c3 e6 9. Bxf5 gxf5 10. Kh1 Ne4 11. Nbd2 Bd6 12. Nxe4 fxe4 13. Nd2 O-O 14. Qh5 f5 15. Re1 Kh8 16. Nf1 Rg8 17. f3 Qf6 18. fxe4 fxe4 19. Be3 Ne7 20. Nh2 Nf5 21. Ng4 Ng3+ 22. Kh2 Nxh5+ 0-1


[Site "https://www.chess.com"]

[Event "Titled Tuesday Blitz January 31 Late 2023"]
[White "Ortez, Andrea"]
[Black "Figorito, Nick"]
[WhiteFideId "6702392"]
[BlackFideId "30923689"]
[WhiteElo "1961"]
[BlackElo "2036"]
[Result "1-0"]
[Round "08"]
[TimeControl "180+2"]
[Date "2023.01.31"]
[WhiteClock "0:00:11"]
[BlackClock "0:00:05"]

1. e4 e6 2. d4 d5 3. Nd2 Nf6 4. e5 Nfd7 5. Bd3 c5 6. c3 Nc6 7. Ne2 cxd4 8. cxd4 f6 9. exf6 Nxf6 10. O-O Bd6 11. a3 Qc7 12. Nf3 O-O 13. Nc3 a6 14. h3 Bd7 15. Re1 Rae8 16. Bg5 Qb6 17. b4 Re7 18. Na4 Qa7 19. Nc5 Bc8 20. Bc2 b6 21. Nd3 Ree8 22. Nde5 Qc7 23. Rc1 Bb7 24. Bb1 g6 25. Bh6 Rf7 26. Nxf7 Kxf7 27. Ne5+ Kg8 28. Qf3 Nxd4 29. Qxf6 Ne2+ 30. Kh1 Nxc1 31. Rxc1 Bxe5 32. Rxc7 Bxf6 33. Rxb7 Rc8 34. Bd3 Be5 35. g3 Rb8 36. Rxb8+ Bxb8 37. Bxa6 Kf7 38. Kg2 e5 39. Kf3 Kf6 40. h4 Ke6 41. Ke3 Bd6 42. Bc8+ Kf6 43. Bg5+ Kf7 44. Bb7 Ke6 45. Bc8+ Kf7 46. f4 Kg7 47. fxe5 Bxe5 48. Bf4 Bf6 49. Bb7 d4+ 50. Kd3 h6 51. Bc7 g5 52. hxg5 hxg5 53. Bxb6 Be5 54. Bxd4 1-0


[Site "https://www.chess.com"]

[Event "Titled Tuesday Blitz January 31 Late 2023"]
[White "Nikologorsky, Matfei"]
[Black "Bongo Akanga Ndjila, Barthelemy"]
[WhiteFideId "24102474"]
[BlackFideId "10609431"]
[WhiteElo "2182"]
[BlackElo "1824"]
[Result "1-0"]
[Round "08"]
[TimeControl "180+2"]
[Date "2023.01.31"]
[WhiteClock "0:00:45"]
[BlackClock "0:00:23"]

1. e4 e6 2. d4 d5 3. Nd2 Nf6 4. e5 Nfd7 5. Bd3 c5 6. c3 Nc6 7. Ne2 a6 8. O-O b5 9. Nf3 Qb6 10. Be3 h6 11. Nf4 g5 12. Ne2 Bb7 13. a3 Be7 14. Ne1 cxd4 15. cxd4 Rc8 16. Qd2 Na5 17. Qd1 Nc4 18. b4 Nb2 19. Qb3 Nc4 20. Kh1 Nf8 21. Bc1 Ng6 22. f4 gxf4 23. Bxf4 Nxf4 24. Rxf4 Ne3 25. Nf3 Ng4 26. Rf1 Ne3 27. Bxb5+ axb5 28. Qxe3 Rc2 29. Ne1 Ra2 30. Rxf7 Qa7 31. Qf3 Rxa3 32. Rxe7+ Kxe7 33. Qf6+ Kd7 34. Qxh8 Kc7 35. Qf8 Re3 36. Qd6+ Kc8 37. Rf8# 1-0


[Site "https://www.chess.com"]

[Event "Titled Tuesday Blitz January 31 Late 2023"]
[White "kiwibobo"]
[Black "Abdyzhaparov, Aidar"]
[BlackFideId "13800361"]
[WhiteElo "2087"]
[BlackElo "1978"]
[Result "1-0"]
[Round "08"]
[TimeControl "180+2"]
[Date "2023.01.31"]
[WhiteClock "0:00:21"]
[BlackClock "0:01:18"]

1. e4 d6 2. d4 Nf6 3. Nc3 e5 4. Nf3 Nbd7 5. Bc4 Be7 6. O-O O-O 7. a4 c6 8. h3 b6 9. Qe2 a6 10. Nh4 exd4 11. Nb1 Ne5 12. Bb3 c5 13. c3 d3 14. Qe3 c4 15. Bd1 Nxe4 16. Qxe4 Bxh4 17. Qxa8 Qf6 18. Qe4 Bf5 19. Qf4 g5 20. Qd4 Qg6 21. Kh2 g4 22. g3 gxh3 23. Qxh4 Ng4+ 24. Bxg4 Bxg4 25. Qg5 h5 26. Qxg6+ fxg6 27. Be3 d5 28. Nd2 b5 29. axb5 axb5 30. Ra6 Kh7 31. Rd6 Be2 32. Re1 g5 33. Kxh3 h4 34. Rxd5 hxg3 35. Kxg3 Kg6 36. Rxg5+ Kf6 37. Rxb5 Ke6 38. f4 Rh8 39. Nxc4 Kd7 40. Bd2 Kc6 41. Re5 Rg8+ 42. Kf2 Rh8 43. R5xe2 dxe2 44. Kxe2 Kd5 45. Kd3 Rh3+ 46. Re3 Rh2 47. Re5+ Kc6 48. f5 Rh3+ 49. Ne3 Kd6 50. Re6+ Kd7 51. Kd4 Rh4+ 52. Kd5 Rh2 53. Nc4 Rh3 54. Rd6+ Ke7 55. Bg5+ Kf8 56. Rd7 Ke8 57. Ke6 Rh6+ 58. f6 Rh1 59. f7+ Kf8 60. Rd8+ Kg7 61. f8=Q+ Kg6 62. Qf7+ Kxg5 63. Rg8+ Kh6 64. Qg7+ Kh5 65. Qh7# 1-0


[Site "https://www.chess.com"]

[Event "Titled Tuesday Blitz January 31 Late 2023"]
[White "Desideri, Ricardo Maruchi"]
[Black "Rian, Kapriaga"]
[WhiteFideId "2110440"]
[BlackFideId "7103263"]
[WhiteElo "1959"]
[BlackElo "2089"]
[Result "1-0"]
[Round "08"]
[TimeControl "180+2"]
[Date "2023.01.31"]
[WhiteClock "0:00:03"]
[BlackClock "0:00:01"]

1. e4 c6 2. d4 d5 3. e5 Bf5 4. h4 h5 5. Bd3 Bxd3 6. Qxd3 e6 7. Bg5 Qb6 8. b3 c5 9. Nf3 Nc6 10. c3 cxd4 11. cxd4 Rc8 12. O-O Nge7 13. a3 Nf5 14. Rc1 Be7 15. Bxe7 Kxe7 16. Rc5 Ncxd4 17. Nxd4 Rxc5 18. Nxf5+ exf5 19. Nd2 g6 20. b4 Rc7 21. Nf3 Rd8 22. Nd4 Rc4 23. Nb3 Kf8 24. Nc5 Kg8 25. Re1 Rxc5 26. bxc5 Qxc5 27. e6 fxe6 28. Rxe6 Qc1+ 29. Kh2 Qf4+ 30. g3 Qxf2+ 31. Kh3 Kf7 32. Re2 Qf1+ 33. Kh2 f4 34. Re7+ Kxe7 35. Qxf1 fxg3+ 36. Kxg3 d4 37. Qe2+ Kf7 38. Qf3+ Ke7 39. Qd3 Rd6 40. Kf4 Ke6 41. Kg5 Kd5 42. Qb5+ Ke4 43. Qxb7+ Kd3 44. Qb3+ Ke4 45. Qb7+ Kd3 46. Qb1+ Ke3 47. Qe1+ Kd3 48. Qf1+ Kc3 49. Qh3+ 1-0


[Site "https://www.chess.com"]